 Dungeon Crawl Stone Soup version 0.31-a0-263-ge8cad7f256 (webtiles) character file.

Game seed: 2909024360530993799

53 qw the Shooter (level 3, -1/29 HPs)
             Began as a Minotaur Hexslinger on July 13, 2023.
             Slain by an orc priest
             ... wielding a +0 mace
              (4 damage)
             ... on level 3 of the Dungeon.
             The game lasted 00:00:29 (1220 turns).

qw the Shooter (Minotaur Hexslinger)                Turns: 1220, Time: 00:00:29

Health: -1/29      AC:  4    Str: 18    XL:     3   Next: 62%
Magic:  3/3        EV: 12    Int: 10    God:
Gold:   77         SH:  0    Dex: 14    Spells: 3/4 levels left

rFire   + . .        Y - +1 sling
rCold   . . .        (no shield)
rNeg    . . .        e - +1 leather armour {rF+}
rPois   .            (helmet restricted)
rElec   .            (no cloak)
rCorr   .            (no gloves)
SInv    .            (no boots)
Will    .....        (no amulet)
Stlth   +            l - +6 ring of strength
HPRegen 0.24/turn    (no ring)
MPRegen 0.08/turn

%: no passive effects
@: no status effects
A: horns 2, retaliatory headbutt
a: no special abilities


You were on level 3 of the Dungeon.
You visited 1 branch of the dungeon, and saw 3 of its levels.

You collected 77 gold pieces.


Innate Abilities, Weirdness & Mutations

You have a pair of horns on your head.
You reflexively headbutt those who attack you in melee.


   Skills:
 - Level 2.0 Fighting
 + Level 4.2 Ranged Weapons
 - Level 2.1 Dodging
 - Level 1.0 Spellcasting
 - Level 2.0 Hexes


You had 3 spell levels left.
You knew the following spells:

 Your Spells              Type           Power      Damage    Failure   Level
a - Slow                  Hex            16%        N/A       19%         1

Your spell library contained the following spells:

 Spells                   Type           Power      Damage    Failure   Level
 Inner Flame              Hex/Fire       2%         N/A       63%         3
 Portal Projectile        Hex/Tloc       4%         N/A       63%         3
 Cause Fear               Hex            2%         N/A       87%         4

Inventory:

Hand Weapons
 Y - a +1 sling (weapon)
Armour
 e - a +1 leather armour of fire resistance (worn)
Jewellery
 l - a +6 ring of strength (left hand)
Scrolls
 a - a scroll of identify
Potions
 d - a potion of mutation
 g - a potion of resistance
 h - a potion of haste {unknown}
 i - a potion of might
 j - a potion of enlightenment {unknown}
 k - a potion of lignification {unknown}
 n - a potion of invisibility {unknown}

Dungeon Overview and Level Annotations

Branches:
Dungeon (3/15)

Altars:


Message History

The gnoll is heavily wounded.
An orc priest comes into view. It is wielding a +0 mace.
The gnoll closely misses you.
You shoot a sling bullet.
The sling bullet barely misses the gnoll.
The orc priest shouts!
You hear a shout!
The gnoll closely misses you.
The orc priest looks satisfied for a moment.
The orc priest mumbles some strange prayers to Beogh against you.
Beogh smites you!
The gnoll hits you from afar with a +0 spear.
You shoot a sling bullet. The sling bullet hits the gnoll.
The gnoll is almost dead.
The orc priest miscasts a cantrip.
The gnoll hits you but does no damage.
You shoot a sling bullet.
The sling bullet closely misses the gnoll.
The gnoll closely misses you.
You shoot a sling bullet.
The sling bullet closely misses the gnoll.
The gnoll hits you from afar with a +0 spear.
You shoot a sling bullet. The sling bullet hits the gnoll.
You kill the gnoll!
The gnoll throws a throwing net.
The throwing net hits you.
You become entangled in the net!
You tear a large gash into the net.
The gnoll hits you from afar with a +0 spear.
You struggle against the net.
The orc priest looks braver for a moment.
The gnoll hits you from afar with a +0 spear.
You rip the net and break free!
The gnoll barely misses you.
You shoot a sling bullet. The sling bullet hits the orc priest.
The orc priest is lightly wounded.
The orc priest hits you with a +0 mace. The gnoll misses you.
You shoot a sling bullet. The sling bullet hits the orc priest.
The orc priest is moderately wounded.
The orc priest hits you with a +0 mace.
You die...

. ..... .. # ##.## ##. #
##.## ##.. ####.## ... #
####.# .. .## #.##.#
#.###...##
#.##.##########..g.g...g
#.##.........##.o#
#.........##.##.@#
#######.#.##<##..#######
#.#.##.##........#
#.#.#.#.##.#####.#
#.#..###...#
#.###.#.#### #.# ##.##
#.####.# #......#


You could see an orc priest and a gnoll.

Vanquished Creatures
  A gnoll (D:3)
  An adder (D:2)
  2 dart slugs
  A ball python (D:1)
  3 endoplasms
  2 giant cockroaches (D:2)
  2 goblins
  5 hobgoblins
  2 kobolds
  A quokka (D:1)
  2 bats (D:1)
  7 frilled lizards
  A rat (D:1)
30 creatures vanquished.

Notes
Turn   | Place    | Note
-------+----------+-------------------------------------------
     0 | D:1      | qw the Minotaur Hexslinger began the quest for the Orb.
     0 | D:1      | Reached XP level 1. HP: 16/16 MP: 1/1
     0 | D:1      | 0 ||| qw: Version: 0.3-a-52-g30416fa
     0 | D:1      | 0 ||| qw: Game counter: 7501
     0 | D:1      | 0 ||| qw: Melee chars always use a shield: true
     0 | D:1      | 0 ||| qw: God list: Okawaru
     0 | D:1      | 0 ||| qw: Allow faded altars: false
     0 | D:1      | 0 ||| qw: Do Orc after clearing Dungeon:15 true
     0 | D:1      | 0 ||| qw: Do second Lair branch before Depths: true
     0 | D:1      | 0 ||| qw: Lair rune preference: random
     0 | D:1      | 0 ||| qw: Goals: Normal
     0 | D:1      | 0 ||| PLANNING D:1-11
   170 | D:1      | Reached skill level 3 in Ranged Weapons
   170 | D:1      | Reached XP level 2. HP: 23/23 MP: 2/2
   434 | D:1      | 434 ||| UPGRADING to +1 leather armour of fire resistance.
   444 | D:1      | 444 ||| DROPPING +0 robe.
   445 | D:1      | 445 ||| READING 2 scrolls labelled RIGIUC UNGUJU.
   446 | D:1      | 446 ||| READING scroll labelled NAROAX BEOLEDWE.
   447 | D:1      | 447 ||| DROPPING scroll of poison.
   510 | D:2      | Found a faded altar of an unknown god.
   732 | D:2      | Reached XP level 3. HP: 29/29 MP: 3/3
   794 | D:2      | HP: 7/29 [poisoned by an adder]
   998 | D:2      | 998 ||| UPGRADING to +6 ring of strength.
   999 | D:2      | 999 ||| READING scroll labelled WUMIZAU LUYPN.
  1000 | D:2      | 1000 ||| READING scroll labelled UPNUMUGOBA.
  1001 | D:2      | 1001 ||| READING scroll labelled MAET CATAO.
  1002 | D:2      | 1002 ||| DRINKING 2 blue potions.
  1003 | D:2      | 1003 ||| READING 4 scrolls of identify.
  1003 | D:2      | 1003 ||| IDENTIFYING glowing cyan potion
  1004 | D:2      | 1004 ||| READING 3 scrolls of identify.
  1004 | D:2      | 1004 ||| IDENTIFYING glowing emerald potion
  1005 | D:2      | 1005 ||| READING 2 scrolls of identify.
  1005 | D:2      | 1005 ||| IDENTIFYING murky purple potion
  1006 | D:2      | 1006 ||| DROPPING potion of ambrosia.
  1012 | D:2      | 1012 ||| STAIRDANCE
  1199 | D:3      | Reached skill level 4 in Ranged Weapons
  1205 | D:3      | 1205 ||| Stepping ~*~*~tactically~*~*~ (outnumbered).
  1209 | D:3      | 1209 ||| Stepping ~*~*~tactically~*~*~ (outnumbered).
  1216 | D:3      | HP: 6/29 [gnoll/+0 spear (5)]
  1220 | D:3      | Slain by an orc priest

Levels and vault maps discovered:
D:1:      dpeg_arrival_oval, layout_rooms, minmay_lizard_pond
D:2:      layout_basic, nicolae_ecumenical_oubliette
D:3:      layout_loops_ring, mainiacjoe_overflow_catwalk,
          minmay_misc_feat_enclosed, reono_crystal_passage, uniq_ijyb,
          uniq_sigmund, uniq_jessica

Skill      XL: |  1  2  3 |
---------------+----------+-----
Ranged Weapons | 3 4 |  4.2
Fighting       | 2 |  2.0
Dodging        | |  2.1
Spellcasting   | |  1.0
Hexes          | |  2.0

Action                     || total
---------------------------++-------
   Fire: Sling             ||    99
    Use: Scroll            ||     8
         Potion            ||     1
 Armour: Robe              ||     7
         Leather armour    ||     7
  Dodge: Dodged            ||    27

Table legend:
 A = Non-vault XP
 B = Vault XP
 C = Vault XP percentage of total XP
 D = Non-vault monster count
 E = Vault monster count
 F = Vault count percentage of total count
                 A         B        C        D         E       F
            +---------+---------+-------+---------+---------+-------
      Total |      71 |       5 |   6.6 |      25 |       5 |  16.7
            +---------+---------+-------+---------+---------+-------
        D:1 |      28 |       5 |  15.2 |      14 |       5 |  26.3
        D:2 |      27 |       0 |   0.0 |       8 |       0 |   0.0
        D:3 |      16 |       0 |   0.0 |       3 |       0 |   0.0
            +---------+---------+-------+---------+---------+-------
